 Dungeon Crawl Stone Soup version 0.23-a0-413-g57a8110 (webtiles) character file.

480 JeffiDaFish the Scholar of Death (level 6, -13/32 HPs)
             Began as a Deep Elf Necromancer on Nov 8, 2018.
             Was a Follower of Kikubaaqudgha.
             Mangled by an ogre
             ... wielding a +0 giant spiked club
              (24 damage)
             ... on level 4 of the Dungeon.
             The game lasted 00:11:34 (3991 turns).

JeffiDaFish the Scholar of Death (DENe)             Turns: 3991, Time: 00:11:35

Health: -13/32     AC:  3    Str:  6    XL:     6   Next: 86%
Magic:  8/16       EV: 15    Int: 21    God:    Kikubaaqudgha [*.....]
Gold:   90         SH:  0    Dex: 15    Spells: 5/15 levels left

rFire    . . .     SeeInvis .   d - +0 dagger
rCold    . . .     Gourm    .   (no shield)
rNeg     . . .     Faith    .   a - +0 robe
rPois    .         Spirit   .   e - +0 helmet
rElec    .         Reflect  .   (no cloak)
rCorr    .         Harm     .   (no gloves)
MR       .....                  (no boots)
Stlth    ++........             (no amulet)
HPRegen  0.10/turn              (no ring)
MPRegen  0.15/turn              (no ring)

@: no status effects
A: no striking features
a: Receive Corpses, Renounce Religion


You were on level 4 of the Dungeon.
You worshipped Kikubaaqudgha.
Kikubaaqudgha was aware of your devotion.
You were hungry.

You visited 1 branch of the dungeon, and saw 4 of its levels.

You collected 90 gold pieces.

Inventory:

Hand Weapons
 d - a +0 dagger (weapon)
Armour
 a - a +0 robe (worn)
 e - a +0 helmet (worn)
Wands
 i - a wand of random effects (14)
Scrolls
 b - a scroll of fear
 f - a scroll of teleportation
Comestibles
 c - 5 rations
 g - 2 chunks of flesh


   Skills:
 + Level 4.8 Dodging
 - Level 2.4 Stealth
 + Level 5.4 Spellcasting
 + Level 1.3 Hexes
 * Level 7.8 Necromancy


You had 5 spell levels left.
You knew the following spells:

 Your Spells              Type           Power        Failure   Level  Hunger
a - Pain                  Necr           ####         1%          1    None
b - Vampiric Draining     Necr           #####.....   1%          3    ##.....
c - Animate Dead          Necr           N/A          4%          4    ####...
d - Ensorcelled Hibernat  Hex/Ice        #.....       12%         2    None

Your spell library contained the following spells:

 Spells                   Type           Power        Failure   Level  Hunger
 Animate Skeleton         Necr           N/A          1%          1    None
 Corpse Rot               Necr           N/A          1%          2    None
 Sublimation of Blood     Necr           #####.....   1%          2    None
 Corona                   Hex            ##.....      6%          1    None
 Regeneration             Chrm/Necr      ###.......   6%          3    ##.....
 Confuse                  Hex            ##......     19%         3    ##.....
 Tukima's Dance           Hex            ##......     19%         3    ##.....
 Dazzling Spray           Conj/Hex       #.....       24%         3    ##.....


Dungeon Overview and Level Annotations

Branches:
Dungeon (4/15)
 Temple: D:4-7

Altars:
Kikubaaqudgha


Message History

Casting: Pain (safe; 1% risk of failure)
Confirm with . or Enter, or press ? or * to list all spells.
Aiming: Pain (safe; 1% risk of failure)
Press: ? - help, Shift-Dir - straight line, f/p - ogre
Aim: an ogre, wielding a +0 giant spiked club (lightly wounded, chance to The ogre writhes in agony!
The ogre hits you with a +0 giant spiked club!!
Ouch! That really hurt!
* * * LOW HITPOINT WARNING * * *
Casting: Pain (safe; 1% risk of failure)
Confirm with . or Enter, or press ? or * to list all spells.
Aiming: Vampiric Draining (safe; 1% risk of failure)
Press: ? - help, Shift-Dir - straight line, f/p - ogre
Aim: an ogre, wielding a +0 giant spiked club (heavily wounded)
The ogre is almost dead.
You feel life coursing into your body.
The ogre hits you with a +0 giant spiked club!!
Ouch! That really hurt!
You die...
Kikubaaqudgha rasps: "You have failed me!
Welcome... death!"

....#.....########.......
...##....................
....#............÷.......
.#.##....................
....###'##.........(.....
.....#...#>..............
.....#...#...............
.....'...#...............
....##...#...?..@O.......
######)..#########....!..
....##'####......#..†....
..))).)......<...#.......
..[............(.#.......
.........##+######.......
.....#...# .......
.....##### ....... ####.#


You could see an ogre.

Vanquished Creatures
  Grinder (D:3)
  A hound (D:4)
  Ijyb (D:3)
  2 orc wizards
  An iguana (D:4)
  7 adders
  An ooze (D:4)
  2 worms
  2 dart slugs (D:2)
  3 leopard geckos
  8 orcs
  3 giant cockroaches
  4 hobgoblins
  4 jackals (D:2)
  5 bats
  6 frilled lizards
  6 goblins
  8 kobolds
  6 rats
71 creatures vanquished.

Notes
Turn   | Place    | Note
-------+----------+-------------------------------------------
     0 | D:1      | JeffiDaFish the Deep Elf Necromancer began the quest for
                  | the Orb.
     0 | D:1      | Reached XP level 1. HP: 10/10 MP: 6/6
   277 | D:1      | Reached skill level 5 in Necromancy
   425 | D:1      | Reached XP level 2. HP: 13/15 MP: 6/8
  1068 | D:2      | Reached XP level 3. HP: 15/19 MP: 6/10
  1073 | D:2      | Learned a level 3 spell: Vampiric Draining
  1187 | D:2      | Found an ancient bone altar of Kikubaaqudgha.
  1220 | D:2      | Became a worshipper of Kikubaaqudgha
  1540 | D:2      | Reached XP level 4. HP: 24/24 MP: 8/11
  1565 | D:2      | Reached skill level 6 in Necromancy
  1621 | D:2      | Learned a level 4 spell: Animate Dead
  2094 | D:3      | Noticed Ijyb
  2111 | D:3      | Killed Ijyb
  2111 | D:3      | Reached XP level 5. HP: 19/28 MP: 0/13
  2878 | D:3      | Reached * piety under Kikubaaqudgha
  2878 | D:3      | Identified Kikubaaqudgha's Disquisition on Dark Magic
                  | (Kikubaaqudgha gifted it to you on level 3 of the Dungeon)
  2878 | D:3      | Received a gift from Kikubaaqudgha
  2891 | D:3      | Noticed Grinder
  2937 | D:3      | Killed Grinder
  2937 | D:3      | Reached skill level 5 in Spellcasting
  2937 | D:3      | Reached skill level 7 in Necromancy
  2937 | D:3      | Reached XP level 6. HP: 4/32 MP: 11/15
  3367 | D:3      | Learned a level 2 spell: Ensorcelled Hibernation
  3637 | D:4      | Reached skill level 1 in Hexes
  3991 | D:4      | Mangled by an ogre

Vault maps used:
D:1:      psy_arrival_conway, chequers_serial_rivers_room_a
D:2:      lemuel_crystal_altar, kennysheep_generic_room_9
D:3:      first_ration, uniq_grinder, uniq_ijyb
D:4:      st_stairs_4, uniq_sigmund, uniq_natasha, uniq_menkaure

Skill      XL: |  1  2  3  4  5  6 |
---------------+-------------------+-----
Necromancy     | 5 6 7 |  7.8
Dodging        | 3 4 |  4.8
Spellcasting   | 4 5 |  5.4
Hexes          | 1 |  1.3
Stealth        | |  2.4

Action                   |  1- 3 |  4- 6 || total
-------------------------+-------+-------++-------
Melee: Dagger            |    27 |    74 ||   101
 Cast: Pain              |    42 |    56 ||    98
       Vampiric Draining |       |    20 ||    20
       Animate Dead      |       |     1 ||     1
       Ensorcelled Hiber |       |     3 ||     3
Evoke: Wand              |       |     7 ||     7
  Use: Scroll            |     2 |     3 ||     5
       Potion            |       |     3 ||     3
 Stab: Sleeping          |     3 |     7 ||    10
       Distracted        |     1 |       ||     1
  Eat: Chunk             |     2 |     8 ||    10
Armor: Robe              |     6 |    18 ||    24
Dodge: Dodged            |    20 |    77 ||    97

Table legend:
 A = Non-vault XP
 B = Vault XP
 C = Vault XP percentage of total XP
 D = Non-vault monster count
 E = Vault monster count
 F = Vault count percentage of total count
                 A         B        C        D         E       F
            +---------+---------+-------+---------+---------+-------
      Total |     360 |     327 |  47.6 |      67 |       4 |   5.6
            +---------+---------+-------+---------+---------+-------
        D:1 |      22 |       0 |   0.0 |      15 |       0 |   0.0
        D:2 |     132 |       2 |   1.5 |      23 |       1 |   4.2
        D:3 |      52 |     322 |  86.1 |      17 |       2 |  10.5
        D:4 |     154 |       3 |   1.9 |      12 |       1 |   7.7
            +---------+---------+-------+---------+---------+-------
